 Dungeon Crawl Stone Soup version 0.18-a0-1140-g8540535 (webtiles) character file.

35110 Cojaviem the Fencer (level 13, -2/119 HPs)
             Began as a Minotaur Berserker on Jan 21, 2016.
             Was a High Priest of Trog.
             Slain by a six-headed hydra (3 damage)
             ... on level 7 of the Lair of Beasts.
             The game lasted 00:54:40 (16584 turns).

Cojaviem the Fencer (Minotaur Berserker)           Turns: 16584, Time: 00:54:40

Health: -2/119     AC: 15    Str: 22    XL:     13   Next: 45%
Magic:  8/21       EV: 17    Int:  4    God:    Trog [*****.]
Gold:   1056       SH:  4    Dex: 15    Spells: 0 memorised, 12 levels left

rFire  . . .     SeeInvis .     i - +1 flail (freeze)
rCold  + . .     Gourm    .     L - +5 ring mail of Perpetual Drought {rF+ Regen+ MP+9}
rNeg   . . .     Faith    .     (no shield)
rPois  .         Spirit   .     (helmet restricted)
rElec  .         Dismiss  .     y - +2 cloak
rCorr  .         Reflect  +     (no gloves)
SustAt .         Harm     .     Q - +0 pair of boots
MR     ++...                    U - +4 amulet of reflection
Stlth  +.........               (no ring)
                                M - ring of ice

@: exhausted, regenerating, slowed, drained, very slow, very resistant to
hostile enchantments, very unstealthy
A: retaliatory headbutt, horns 2
a: Berserk, Trog's Hand, Brothers in Arms, Burn Spellbooks, Renounce Religion


You were on level 7 of the Lair of Beasts.
You worshipped Trog.
Trog was extremely pleased with you.
You were near starving.

You visited 3 branches of the dungeon, and saw 18 of its levels.
You also visited: Labyrinth and Ossuary.

You collected 1056 gold pieces.

Inventory:

Hand Weapons
 i - a +1 flail of freezing (weapon)
 B - a +0 long sword of holy wrath
 S - a +1 antimagic great sword
Armour
 n - a +0 large shield
 y - a +2 cloak (worn)
 L - the +5 ring mail of Perpetual Drought (worn) {rF+ Regen+ MP+9}
   (You found it on level 10 of the Dungeon)

   It protects you from fire.
   It affects your magic capacity (+9).
   It increases your rate of regeneration.
 Q - a +0 pair of boots (worn)
Jewellery
 G - an uncursed ring of fire
 M - a ring of ice (left hand)
 R - the amulet "Voimiam" {+Fly rF+ Regen+ Dex+4 Stlth+}
   (You found it on level 2 of the Lair of Beasts)

   [amulet of regeneration]

   It affects your dexterity (+4).
   It protects you from fire.
   It lets you fly.
   It increases your rate of regeneration.
   It makes you more stealthy.
 U - a +4 amulet of reflection (around neck)
Wands
 t - a wand of disintegration (19/24)
 v - a wand of lightning (8/15)
 x - a wand of fireball (7/15)
 F - a wand of disintegration (13/24)
 W - a wand of heal wounds (3/9)
 X - a wand of random effects (31/48)
 Z - a wand of digging (9/24)
Scrolls
 e - 3 scrolls of remove curse
 f - 5 scrolls of magic mapping
 g - 6 scrolls of enchant armour
 l - 5 scrolls of random uselessness {unknown}
 m - a scroll of identify
 p - 2 scrolls of vulnerability {unknown}
 r - a scroll of enchant weapon {unknown}
 u - 2 scrolls of amnesia {unknown}
 z - 3 scrolls of blinking {unknown}
 A - 2 scrolls of teleportation {unknown}
 C - 3 scrolls of holy word {unknown}
 D - 2 scrolls of immolation {unknown}
 J - a scroll of silence {unknown}
Potions
 b - 2 potions of ambrosia {unknown}
 d - 2 potions of haste
 h - 8 potions of curing
 j - 4 potions of agility
 k - 3 potions of might
 q - 5 potions of heal wounds
 w - 3 potions of mutation
 H - a potion of cancellation
 I - 2 potions of berserk rage
 K - 2 potions of lignification
 O - 2 potions of magic {unknown}
 T - 2 potions of cure mutation {unknown}
 Y - a potion of resistance {unknown}
Comestibles
 c - 11 bread rations
 s - 2 beef jerkies
 E - 11 fruits
 N - 3 meat rations
 P - 2 royal jellies


   Skills:
 + Level 12.6(11.2) Fighting
 - Level 18.2(16.6) Long Blades
 + Level 7.5(6.3) Armour
 - Level 12.1(10.7) Dodging
 - Level 5.3(4.1) Shields


You had 12 spell levels left.
You didn't know any spells.

Dungeon Overview and Level Annotations

Branches:
Dungeon (10/15)            Temple (1/1) D:7            Lair (7/8) D:8
  Swamp (0/4) Lair:6       Spider (0/4) Lair:3          Orc (0/2) D:10
  Slime: Lair:6-8

Altars:
Ashenzari
Cheibriados
Dithmenos
Elyvilon
Fedhas
Gozag
Kikubaaqudgha
Makhleb
Nemelex Xobeh
Okawaru
Pakellas
Qazlal
Ru
Sif Muna
Trog
Vehumet
Xom
Yredelemnul
Zin
The Shining One


Innate Abilities, Weirdness & Mutations

You reflexively headbutt those who attack you in melee.
You have a pair of horns on your head.


Message History

The six-headed hydra barely misses you.
You're too exhausted to go berserk.
Your skin crawls.
You feel resistant to hostile enchantments.
You feel slightly more hungry. The six-headed hydra bites you.
* * * LOW HITPOINT WARNING * * *
The six-headed hydra bites you!
* * * LOW HITPOINT WARNING * * *
The six-headed hydra bites you but does no damage. x2
The six-headed hydra bites you.
* * * LOW HITPOINT WARNING * * *
The six-headed hydra bites you!
* * * LOW HITPOINT WARNING * * *
The six-headed hydra barely misses you. The six-headed hydra bites you!
* * * LOW HITPOINT WARNING * * *
The six-headed hydra bites you.
* * * LOW HITPOINT WARNING * * *
The six-headed hydra closely misses you.
The six-headed hydra bites you.
You die...

........††..............
#.......†...............
###........."..........
#.....##.P..P.....#...
#.##########.......# ###
##.....## #.....###
###.....# #.@...##
#.)D.## ##....# #....#
.....# #..... ......#
.....##


You could see a six-headed hydra.

Vanquished Creatures
  A minotaur (Lab)
  5 hydras
  Harold (Lair:1)
  4 death yaks
  An oklob plant (Lair:5)
  3 griffons
  4 black mambas
  5 spiny frogs
  An ice statue (Lair:2)
  5 elephants
  2 komodo dragons
  A fire drake (D:8)
  An ice devil (Lair:2)
  10 blink frogs
  A two-headed ogre (D:9)
  Sigmund (Lair:4)
  A spriggan (D:7)
  The ghost of FIQ the Skirmisher, an amateur HOMo of Beogh (Ossuary)
  A tarantella (Lair:3)
  2 wyverns
  34 yaks
  7 humans (Lair:4)
  7 hippogriffs
  Eustachio (D:4)
  2 basilisks
  A hungry ghost (D:9)
  A mottled dragon (D:10)
  10 wolves (Lair:6)
  A swamp worm (Lair:6)
  10 water moccasins
  2 black bears
  3 porcupines
  2 sky beasts
  11 ice beasts
  2 phantoms
  6 ogres
  2 orc warriors
  2 centaurs
  5 crocodiles
  3 big kobolds
  13 giant frogs
  2 scorpions
  9 wights
  8 crimson imps
  A giant frog zombie (D:9)
  3 centaur zombies
  2 human zombies (Ossuary)
  2 quasits
  5 orc priests
  2 giant frog skeletons (D:9)
  10 hounds
  A jelly (D:5)
  6 orc wizards
  2 centaur skeletons
  10 iguanas
  6 worker ants
  2 sheep (Lair:4)
  5 big kobold zombies (Ossuary)
  2 mummies (Ossuary)
  16 gnolls
  19 adders
  20 river rats
  3 shadow imps
  A white imp (Lair:2)
  An ooze (D:3)
  3 adder zombies
  4 worms (D:2)
  A giant gecko (D:4)
  47 orcs
  5 giant cockroaches
  4 hobgoblins
  7 jackals
  18 kobolds
  3 quokkas
  3 ball pythons
  5 bats
  6 giant newts
  7 goblins
  7 hobgoblin zombies (Ossuary)
  2 jackal zombies
  9 kobold zombies (Ossuary)
  8 orc zombies (Ossuary)
  2 rats
  A rat zombie (Ossuary)
456 creatures vanquished.

Vanquished Creatures (collateral kills)
  2 death yaks (Lair:6)
2 creatures vanquished.

Vanquished Creatures (others)
  A plant (Lair:1)
1 creature vanquished.

Grand Total: 459 creatures vanquished

Notes
Turn   | Place    | Note
--------------------------------------------------------------
     0 | D:1      | Cojaviem the Minotaur Berserker began the quest for the Orb.
     0 | D:1      | Reached XP level 1. HP: 19/19 MP: 0/0
    63 | D:1      | Reached skill level 4 in Long Blades
   142 | D:1      | Reached XP level 2. HP: 17/26 MP: 1/1
   885 | D:2      | Reached skill level 5 in Long Blades
   927 | D:2      | Reached XP level 3. HP: 31/31 MP: 2/2
  1041 | D:2      | Reached ** piety under Trog
  1408 | D:3      | Reached XP level 4. HP: 39/39 MP: 3/3
  1411 | D:3      | Reached skill level 6 in Long Blades
  1752 | D:3      | Reached XP level 5. HP: 15/45 MP: 4/4
  1753 | D:3      | Reached skill level 7 in Long Blades
  2110 | D:3      | Found a sparkling altar of Nemelex Xobeh.
  2287 | D:4      | Reached skill level 8 in Long Blades
  2498 | D:4      | Reached *** piety under Trog
  2506 | D:4      | Reached XP level 6. HP: 51/51 MP: 5/5
  2780 | D:4      | Reached skill level 9 in Long Blades
  2983 | D:5      | Entered Level 5 of the Dungeon
  2983 | D:5      | Noticed Eustachio
  2999 | D:4      | Killed Eustachio
  2999 | D:4      | Reached XP level 7. HP: 35/57 MP: 6/6
  3110 | D:4      | Reached skill level 10 in Long Blades
  3736 | D:4      | Reached skill level 11 in Long Blades
  4034 | D:5      | Reached XP level 8. HP: 28/64 MP: 7/7
  4318 | D:5      | Reached **** piety under Trog
  4347 | D:5      | Reached skill level 12 in Long Blades
  4938 | D:6      | Reached skill level 13 in Long Blades
  5663 | D:7      | Reached XP level 9. HP: 67/70 MP: 8/8
  5705 | D:7      | Found a sand-covered staircase.
  5718 | Ossuary  | Entered an ossuary
  5812 | Ossuary  | Noticed FIQ's ghost (amateur HOMo)
  5820 | Ossuary  | Killed FIQ's ghost
  5820 | Ossuary  | Reached skill level 14 in Long Blades
  5872 | Ossuary  | Reached skill level 1 in Shields
  6037 | D:7      | Found a staircase to the Ecumenical Temple.
  6043 | Temple   | Entered the Ecumenical Temple
  6488 | D:7      | Reached skill level 5 in Shields
  6588 | D:7      | Found a stormy altar of Qazlal.
  6814 | D:7      | Reached skill level 5 in Fighting
  7371 | D:8      | Found a deep blue altar of Sif Muna.
  7407 | D:8      | Found a staircase to the Lair.
  7407 | D:8      | Noticed a fire drake
  7421 | D:8      | Killed a fire drake
  7421 | D:8      | Reached ***** piety under Trog
  7421 | D:8      | Reached XP level 10. HP: 35/90 MP: 9/9
  8205 | D:9      | Reached skill level 10 in Fighting
  8511 | D:9      | Found a radiant altar of Vehumet.
  9151 | D:9      | Found a bloodstained altar of Trog.
  9152 | D:9      | Found a deep blue altar of Sif Muna.
  9154 | D:9      | Found a glowing golden altar of the Shining One.
  9158 | D:9      | Found a sparkling altar of Nemelex Xobeh.
  9158 | D:9      | Found a white marble altar of Elyvilon.
  9161 | D:9      | Found a shimmering altar of Xom.
  9410 | D:10     | Entered Level 10 of the Dungeon
  9489 | D:10     | Received a gift from Trog
  9570 | D:10     | Found a staircase to the Orcish Mines.
  9728 | D:10     | Reached skill level 5 in Dodging
  9761 | D:10     | Got a pitted ring mail
  9772 | D:10     | Identified the +5 ring mail of Perpetual Drought {rF+ Regen+ MP+9} (You found it on level 10 of the Dungeon)
 10301 | Lair:1   | Entered Level 1 of the Lair of Beasts
 10314 | Lair:1   | Noticed Harold
 10329 | Lair:1   | Killed Harold
 10329 | Lair:1   | Reached XP level 11. HP: 79/104 MP: 10/10
 11313 | Lair:2   | Got a smoking emerald amulet
 11314 | Lair:2   | Found a deep blue altar of Sif Muna.
 11316 | Lair:2   | Identified the amulet "Voimiam" {+Fly rF+ Regen+ Dex+4 Stlth+} (You found it on level 2 of the Lair of Beasts)
 11328 | Lair:2   | Noticed a griffon
 11340 | Lair:2   | Killed a griffon
 11366 | Lair:2   | Noticed a griffon
 11374 | Lair:2   | Killed a griffon
 11374 | Lair:2   | Reached skill level 10 in Dodging
 11487 | Lair:2   | Reached ****** piety under Trog
 12082 | Lair:3   | Reached XP level 12. HP: 108/112 MP: 11/11
 12342 | Lair:3   | Found a hole to the Spider Nest.
 12380 | Lair:3   | Noticed a four-headed hydra
 12396 | Lair:3   | Killed a four-headed hydra
 12396 | Lair:3   | Reached skill level 5 in Armour
 12685 | Lair:3   | Received a gift from Trog
 12816 | Lair:4   | Noticed Sigmund
 12859 | Lair:4   | Killed Sigmund
 13070 | Lair:4   | Reached skill level 15 in Long Blades
 13445 | Lair:5   | Noticed an eight-headed hydra
 13456 | Lair:5   | Killed an eight-headed hydra
 13481 | Lair:5   | Found a labyrinth entrance.
 13614 | Lab      | Entered a labyrinth
 14278 | Lab      | Noticed a minotaur
 14285 | Lab      | Killed a minotaur
 14318 | Lab      | Got an ancient robe
 14329 | Lab      | Identified the +1 robe of Guima Qes {Str+3} (You found it in a labyrinth)
 14359 | Lair:5   | Found an ancient bone altar of Kikubaaqudgha.
 14489 | Lair:5   | Noticed an eight-headed hydra
 14501 | Lair:5   | Killed a nine-headed hydra
 14501 | Lair:5   | Reached skill level 16 in Long Blades
 15018 | Lair:6   | Received a gift from Trog
 15367 | Lair:6   | Reached XP level 13. HP: 115/119 MP: 7/12
 15429 | Lair:6   | Found a staircase to the Swamp.
 15542 | Lair:6   | Reached skill level 17 in Long Blades
 16306 | Lair:6   | Reached skill level 18 in Long Blades
 16584 | Lair:7   | HP: 4/119 [six-headed hydra (9)]
 16584 | Lair:7   | HP: 1/119 [six-headed hydra (3)]
 16584 | Lair:7   | Slain by a six-headed hydra

Vault maps used:
D:1:      erik_arrival_cave_to_civilisation, roderic_serpentine_path,
          minmay_tree_intersection, bh_walls_and_bars
D:2:      kennysheep_generic_room_8
D:3:      nemelex_dance_club_becter
D:4:      first_bread, minmay_misc_feat_more_columns, minivault_14,
          minmay_misc_feat_hallway
D:5:      kennysheep_generic_room_5, uniq_eustachio
D:7:      nicolae_overflow_crystal_walls, minmay_temple_entry_enclosed_plants,
          nicolae_ossuary_entry_monument, the_bakery
D:8:      minmay_lair_entry_lava, led_sif_book
D:9:      vehumet_altar_wand_db, minitemple, serial_glass, glass_columns_a,
          glass_columns_a, glass_columns_a
D:10:     orc_0_dummy, special_room
Temple:   temple_eino_lava_12
Lair:1:   serial_bayou_shore_b, bh_autumn_forest_stairs, uniq_harold
Lair:2:   basic_altar, ice2_lemuel
Lair:3:   spider_nest_entry_rubble, grunt_megastairs_5
Lair:4:   erik_1, nicolae_volcano_entry_lava_flow, st_stairs_13
Lair:5:   lab_entry_generic, st_stairs_7, lemuel_oklob_altar,
          grunt_megastairs_1, lemuel_fruit_tree
Lair:6:   minmay_swamp_entry_worms, infiniplex_staircase_pool_2
Lab:      labyrinth_mini_lab, nicolae_lab_lava
Ossuary:  ossuary_tomb_1

Action                   |  1- 3 |  4- 6 |  7- 9 | 10-12 | 13-15 || total
-------------------------+-------+-------+-------+-------+-------++-------
Melee: Falchion          |    74 |   135 |   145 |       |       ||   354
       Scimitar          |       |       |   284 |   553 |       ||   837
       Great sword       |       |       |       |   169 |   113 ||   282
       Flail             |       |       |       |    25 |    11 ||    36
Invok: Berserk           |     1 |     2 |     2 |     3 |     2 ||    10
       Burn Spellbooks   |       |     1 |     2 |     1 |       ||     4
       Trog's Hand       |       |       |       |       |     1 ||     1
       Brothers in Arms  |       |       |       |       |     1 ||     1
 Abil: Evoke Flight      |       |       |       |     2 |       ||     2
Evoke: Wand              |       |       |     2 |       |       ||     2
  Use: Scroll            |       |     4 |     6 |     8 |       ||    18
 Stab: Sleeping          |       |       |       |     3 |       ||     3
  Eat: Chunk             |     1 |     6 |     3 |    16 |     4 ||    30
       Beef jerky        |       |     1 |       |       |       ||     1
       Fruit             |       |       |     9 |     6 |       ||    15
       Meat ration       |       |       |     1 |       |       ||     1
       Bread ration      |       |       |       |     2 |       ||     2
       Pizza             |       |       |       |     1 |     1 ||     2
